 Dungeon Crawl Stone Soup version 0.23-a0-136-g722f094350 (webtiles) character file.

666 Napalmbreeze the Conjurer (level 7, 0/36 HPs)
             Began as a Deep Elf Fire Elementalist on Aug 28, 2018.
             Was an Initiate of Vehumet.
             Succumbed to a worker ant's poison
             ... on level 5 of the Dungeon.
             The game lasted 00:18:00 (6616 turns).

Napalmbreeze the Conjurer (DEFE)                    Turns: 6616, Time: 00:18:01

Health: 0/36       AC:  3    Str:  5    XL:     7   Next: 31%
Magic:  18/18      EV: 13    Int: 22    God:    Vehumet [......]
Gold:   81         SH:  0    Dex: 15    Spells: 3/18 levels left

rFire    . . .     SeeInvis .   l - +4 falchion
rCold    . . .     Gourm    .   (no shield)
rNeg     . . .     Faith    .   a - +0 robe
rPois    .         Spirit   .   (no helmet)
rElec    .         Reflect  .   (no cloak)
rCorr    .         Harm     .   u - +0 pair of gloves
MR       .....                  (no boots)
Stlth    ++........             (no amulet)
HPRegen  0.12/turn              (no ring)
MPRegen  0.16/turn              (no ring)

@: lethally poisoned (0 -> -12), very slightly contaminated
A: no striking features
a: Renounce Religion


You were on level 5 of the Dungeon.
You worshipped Vehumet.
Vehumet was noncommittal.
You were not hungry.

You visited 2 branches of the dungeon, and saw 6 of its levels.

You collected 81 gold pieces.

Inventory:

Hand Weapons
 d - a +0 dagger
 l - a +4 falchion (weapon)
Armour
 a - a +0 robe (worn)
 u - a +0 pair of gloves (worn)
Scrolls
 g - a scroll of enchant weapon {unknown}
 n - a scroll of remove curse
 o - 3 scrolls of identify
 q - 3 scrolls of teleportation {unknown}
 r - a scroll of fear {unknown}
 s - 2 scrolls of blinking {unknown}
Potions
 b - a potion of invisibility {unknown}
 e - a potion of heal wounds {unknown}
 f - 3 potions of haste {unknown}
 i - 3 potions of magic
 j - a potion of curing
 m - 2 potions of mutation {unknown}
 p - 2 potions of lignification {unknown}
 t - a potion of degeneration {unknown}
Comestibles
 c - 8 rations
 h - 2 chunks of flesh


   Skills:
 - Level 2.4 Dodging
 - Level 2.4 Stealth
 + Level 6.1 Spellcasting
 * Level 6.2 Conjurations
 + Level 5.4 Fire Magic


You had 3 spell levels left.
You knew the following spells:

 Your Spells              Type           Power        Failure   Level  Hunger
a - Flame Tongue          Conj/Fire      ####.        1%          1    None
d - Conjure Flame         Conj/Fire      ####....     2%          3    #......
e - Fireball              Conj/Fire      ####......   22%         5    #####..
f - Sticky Flame          Conj/Fire      ####....     9%          4    ###....
s - Throw Flame           Conj/Fire      ####..       1%          2    None

Your spell library contained the following spells:

 Spells                   Type           Power        Failure   Level  Hunger
 Magic Dart               Conj           ####         1%          1    None
 Inner Flame              Hex/Fire       ###.....     9%          3    #......
 Mephitic Cloud           Conj/Pois/Air  ###.....     12%         3    #......
 Blink                    Tloc           N/A          14%         2    None
 Call Imp                 Summ           #.......     14%         2    None
 Slow                     Hex            #.......     14%         2    None


Dungeon Overview and Level Annotations

Branches:
Dungeon (5/15)             Temple (1/1) D:5

Altars:
Ashenzari
Cheibriados
Dithmenos
Elyvilon
Fedhas
Hepliaklqana
Kikubaaqudgha
Makhleb
Nemelex Xobeh
Qazlal
Ru
Sif Muna
Trog
Uskayaw
Vehumet
Xom
Yredelemnul
The Shining One

Shops:
D:4 ?

Annotations:
D:2 Sigmund


Message History

You feel sick.
The worker ant burns!
The worker ant bites you.
You are more poisoned.
The worker ant poisons you!
You feel sick.
The worker ant burns!
You kill the worker ant!
Vehumet accepts your kill.
The centaur wields a shortbow.
The centaur shoots an arrow.
The arrow hits you!
Casting: Sticky Flame (safe; 9% risk of failure)
Confirm with . or Enter, or press ? or * to list all spells.
Aiming: Fireball (quite dangerous; 22% risk of failure)
Press: ? - help, Shift-Dir - straight line, f - centaur
Aim: a centaur, wielding a shortbow (black smoke)
You miscast Fireball.
You are very lightly contaminated with residual magic.
Fire whirls out from your hands! 2 fire vortices come into view.
You feel sick.
The centaur shoots an arrow.
The arrow hits you!
* * * LOW HITPOINT WARNING * * *
It was a potion of magic.
Magic courses through your body.
You die...

# # ##+## .. # ##...##
.# # ##.....## ..## ##
##.......### ..§##
.####.....(..##§§§..§§
....'........#..§§§§§§§#
.####...........§§.§§...
## ##........v.@._c§§..
# ##........v.§§§§§..
##.>.###§§§§§§§§ ##+##
##).§§§§§ ##...§.#
##...## ...# ####


You could see 2 fire vortices and a centaur.

Vanquished Creatures
  A phantom (D:4)
  3 wights (D:3)
  A hound (D:4)
  A jelly (D:5)
  An orc priest (D:4)
  3 orc wizards
  A bullfrog skeleton (D:4)
  Terence (D:3)
  An iguana (D:5)
  4 worker ants
  A hound skeleton (D:4)
  An adder (D:4)
  2 oozes (D:4)
  An adder skeleton (D:4)
  3 dart slugs
  A leopard gecko (D:5)
  13 orcs
  4 giant cockroaches
  2 goblins
  5 hobgoblins
  12 jackals
  4 kobolds
  A quokka (D:2)
  3 ball pythons
  3 bats
  4 frilled lizards
  11 rats
88 creatures vanquished.

Notes
Turn   | Place    | Note
-------+----------+-------------------------------------------
     0 | D:1      | Napalmbreeze the Deep Elf Fire Elementalist began the quest
                  | for the Orb.
     0 | D:1      | Reached XP level 1. HP: 10/10 MP: 6/6
   480 | D:1      | Reached XP level 2. HP: 9/15 MP: 4/8
  1609 | D:1      | Learned a level 2 spell: Throw Flame
  1698 | D:2      | Reached XP level 3. HP: 19/19 MP: 8/10
  2220 | D:2      | Noticed Sigmund
  2228 | D:2      | Learned a level 3 spell: Conjure Flame
  2621 | D:3      | Noticed Terence
  2928 | D:3      | Killed Terence
  2928 | D:3      | Reached XP level 4. HP: 24/24 MP: 3/12
  3047 | D:3      | Learned a level 4 spell: Sticky Flame
  3134 | D:3      | Found a shimmering altar of Xom.
  3142 | D:3      | Found a deep blue altar of Sif Muna.
  4188 | D:4      | Reached XP level 5. HP: 11/28 MP: 7/13
  4543 | D:4      | Found Zamm's Magic Scroll Emporium.
  4732 | D:4      | Reached skill level 5 in Spellcasting
  4864 | D:4      | Reached XP level 6. HP: 25/32 MP: 10/15
  4871 | D:4      | Learned a level 5 spell: Fireball
  5129 | D:3      | Reached skill level 5 in Conjurations
  5433 | D:4      | Reached skill level 5 in Fire Magic
  5674 | D:4      | Reached XP level 7. HP: 35/36 MP: 12/17
  6011 | D:5      | Entered Level 5 of the Dungeon
  6347 | D:5      | Found a staircase to the Ecumenical Temple.
  6357 | Temple   | Entered the Ecumenical Temple
  6363 | Temple   | Became a worshipper of Vehumet
  6608 | D:5      | Found a shadowy altar of Dithmenos.
  6615 | D:5      | HP: 1/36 [centaur/arrow (17)]
  6616 | D:5      | Succumbed to a worker ant's poison

Vault maps used:
D:1:      minmay_arrival_hallway, serial_co_window_serial, co_window_corner_a,
          co_window_paths_a, co_window_paths_a, co_window_paths_a,
          co_window_paths_a, co_window_broadway_a, co_window_2corner,
          co_window_corner_b, glass_columns_a, glass_columns_b, glass_columns_a
D:2:      minmay_door_path, uniq_sigmund
D:3:      minitemple, nrook_loot_triangle, kennysheep_donut, uniq_terence
D:4:      serial_shops, nicolae_shop_stone
D:5:      minmay_temple_entry_statues_pillars, first_ration,
          nicolae_dithmenos_the_darkroom
Temple:   nicolae_temple_x_marks_the_god

Skill      XL: |  1  2  3  4  5  6  7 |
---------------+----------------------+-----
Conjurations   | 2 3 4 5 6 |  6.2
Spellcasting   | 4 5 6 |  6.1
Fire Magic     | 4 5 |  5.4
Dodging        | |  2.4
Stealth        | |  2.4

Action                   |  1- 3 |  4- 6 |  7- 9 || total
-------------------------+-------+-------+-------++-------
Melee: Unarmed           |     3 |       |       ||     3
       Dagger            |     6 |       |       ||     6
       Falchion          |       |     8 |     6 ||    14
 Cast: Flame Tongue      |    65 |    50 |    13 ||   128
       Throw Flame       |     4 |    30 |     8 ||    42
       Conjure Flame     |     2 |     5 |     1 ||     8
       Sticky Flame      |       |     7 |     3 ||    10
  Use: Scroll            |       |     2 |       ||     2
       Potion            |       |       |     1 ||     1
  Eat: Chunk             |     6 |     8 |     2 ||    16
       Ration            |       |     1 |       ||     1
Armor: Robe              |     4 |     7 |     2 ||    13
Dodge: Dodged            |    19 |    15 |     4 ||    38
       Rpst.: Falchion   |       |     5 |     1 ||     6

Table legend:
 A = Non-vault XP
 B = Vault XP
 C = Vault XP percentage of total XP
 D = Non-vault monster count
 E = Vault monster count
 F = Vault count percentage of total count
                 A         B        C        D         E       F
            +---------+---------+-------+---------+---------+-------
      Total |     911 |      41 |   4.3 |      84 |       4 |   4.5
            +---------+---------+-------+---------+---------+-------
        D:1 |      40 |       0 |   0.0 |      22 |       0 |   0.0
        D:2 |      12 |       5 |  29.4 |      10 |       3 |  23.1
        D:3 |     188 |      36 |  16.1 |      14 |       1 |   6.7
        D:4 |     508 |       0 |   0.0 |      29 |       0 |   0.0
        D:5 |     163 |       0 |   0.0 |       9 |       0 |   0.0
            +---------+---------+-------+---------+---------+-------
